 Dungeon Crawl Stone Soup version 0.22.0-38-g04b72b8 (webtiles) character file.

2550 Greyaxe the Chopper (level 9, -16/75 HPs)
             Began as a Red Draconian Fighter on Aug 28, 2018.
             Was an Initiate of Makhleb.
             Demolished by an orc warrior
             ... wielding a +0 hand axe
              (18 damage)
             ... on level 8 of the Dungeon.
             The game lasted 00:30:13 (8353 turns).

Greyaxe the Chopper (Red Draconian Fighter)         Turns: 8353, Time: 00:30:14

Health: -16/75     AC:  9    Str: 16    XL:     9   Next: 30%
Magic:  10/10      EV: 13    Int: 11    God:    Makhleb [......]
Gold:   127        SH: 10    Dex: 11    Spells: 8/8 levels left

rFire    + . .     SeeInvis .   a - +1 war axe
rCold    . . .     Gourm    .   b - +0 shield
rNeg     . . .     Faith    .   (armour unavailable)
rPois    .         Spirit   .   (helmet restricted)
rElec    .         Reflect  .   y - +0 cloak of Depression {+Blink Str-5 Int+2}
rCorr    .         Harm     .   (no gloves)
MR       .....                  e - +0 pair of boots
Stlth    ++........             (no amulet)
HPRegen  0.22/turn              (no ring)
MPRegen  0.12/turn              (no ring)

@: no status effects
A: breathe fire, unfitting armour, fire resistance 1, cold-blooded, AC +7
a: Breathe Fire, Renounce Religion, Evoke Blink


You were on level 8 of the Dungeon.
You worshipped Makhleb.
Makhleb was noncommittal.
You were not hungry.

You visited 2 branches of the dungeon, and saw 9 of its levels.

You collected 317 gold pieces.
You spent 190 gold pieces at shops.

Inventory:

Hand Weapons
 a - a +1 war axe (weapon)
 u - the +6 war axe of a treasure trove {speed, rElec}
   (You found it on level 6 of the Dungeon)

   Attacks with this weapon are significantly faster.
   It insulates you from electricity.
Missiles
 m - 14 tomahawks (quivered)
Armour
 b - a +0 shield (worn)
 e - a +0 pair of boots (worn)
 y - the +0 cloak of Depression (worn) {+Blink Str-5 Int+2}
   (You bought it in a shop on level 7 of the Dungeon)

   It affects your strength (-5).
   It affects your intelligence (+2).
   It lets you blink.
Jewellery
 g - an uncursed ring of see invisible {unknown}
 r - the cursed ring "Ocwysadu" {*Drain rPois EV-3 Str+8, unknown}
   (You found it on level 5 of the Dungeon)

   [ring of evasion]

   It affects your evasion (-3).
   It affects your strength (+8).
   It protects you from poison.
   It causes draining when unequipped.
   It has a curse placed upon it.
 x - an uncursed ring of resist corrosion {unknown}
Wands
 l - a wand of flame (53)
 q - a wand of disintegration (19)
Scrolls
 i - 7 scrolls of identify
 k - 3 scrolls of remove curse
 o - a scroll of blinking
 p - 5 scrolls of teleportation
 s - a scroll of fear
 v - a scroll of enchant armour {unknown}
Potions
 c - a potion of might
 f - 4 potions of mutation {unknown}
 h - a potion of haste {unknown}
 j - a potion of lignification {unknown}
 n - 2 potions of flight
 t - a potion of curing {unknown}
 w - a potion of degeneration {unknown}
 z - a potion of brilliance {unknown}
Comestibles
 d - 3 rations


   Skills:
 + Level 6.0 Fighting
 + Level 7.9 Axes
 + Level 6.1 Dodging
 * Level 3.2 Stealth
 + Level 6.1 Shields
 + Level 1.5 Evocations


You had 8 spell levels left.
You didn't know any spells.
Your spell library was empty.

Dungeon Overview and Level Annotations

Branches:
Dungeon (8/15)             Temple (1/1) D:5
   Lair: D:8-11

Altars:
Ashenzari
Cheibriados
Dithmenos
Elyvilon
Fedhas
Gozag
Hepliaklqana
Kikubaaqudgha
Makhleb
Nemelex Xobeh
Okawaru
Qazlal
Ru
Sif Muna
Uskayaw
Vehumet
Wu Jian
Xom
Yredelemnul
Zin
The Shining One

Shops:
D:7 [

Annotations:
D:5 2 transporters, Nib's ghost, novice GrCK
D:6 1 runed door, harcile's ghost, novice HOBe


Innate Abilities, Weirdness & Mutations

You can breathe blasts of fire.
Your fiery red scales are hard. (AC +7)
You cannot fit into any form of body armour.
Your flesh is heat resistant. (rF+)
You are cold-blooded and may be slowed by cold attacks.


Message History

You closely miss the orc warrior.
The orc warrior is heavily wounded.
You completely miss the orc wizard.
The orc wizard miscasts a cantrip.
The orc warrior barely misses you.
You hit the orc warrior but do no damage.
The orc warrior is heavily wounded.
You hit the orc wizard but do no damage.
You block the orc wizard's attack.
The orc warrior hits you with a hand axe!
You closely miss the orc warrior.
Your tail-slap misses the orc warrior.
The orc warrior is heavily wounded.
You slash the orc wizard!
You kill the orc wizard!
Makhleb accepts your kill.
The orc warrior hits you with a hand axe!!
* * * LOW HITPOINT WARNING * * *
You fail to use your ability.
The orc warrior hits you with a hand axe!!
You die...

############
#..........#
#.########.# #
#...# #.#
###'###.# #.#
......).# #.#
......o@# #.#
......†.# #.#
........# #.#
...)....# #.#
###'###.######.#
#. #.#......# #.
#.#.###### #.#
#.#.# #.# #.#.#


You could see an orc warrior.

Vanquished Creatures
  Prince Ribbit (D:5)
  Grinder (D:5)
  A hungry ghost (D:7)
  Eustachio (D:4)
  Menkaure (D:5)
  An ice beast (D:6)
  An orc warrior (D:7)
  A phantom (D:7)
  3 ogres
  2 centaurs (D:5)
  A big kobold (D:7)
  2 scorpions
  A howler monkey (D:4)
  A crimson imp (D:7)
  3 hounds
  3 orc priests
  An orc wizard (D:8)
  4 bullfrog skeletons
  A jelly (D:7)
  A quasit (D:6)
  2 centaur skeletons (D:5)
  An iguana (D:6)
  5 worker ants
  A killer bee zombie (D:7)
  4 gnolls (D:6)
  7 adders
  2 shadow imps (D:6)
  2 adder zombies (D:6)
  A worm (D:3)
  An adder skeleton (D:7)
  3 dart slugs
  4 leopard geckos
  15 orcs
  14 bats
  5 giant cockroaches
  9 goblins
  11 hobgoblins
  5 jackals
  18 kobolds
  3 quokkas (D:2)
  6 frilled lizards
  A jackal zombie (D:5)
  A leopard gecko zombie (D:7)
  2 rats
  A butterfly (D:5)
155 creatures vanquished.

Notes
Turn   | Place    | Note
-------+----------+-------------------------------------------
     0 | D:1      | Greyaxe the Draconian Fighter began the quest for the Orb.
     0 | D:1      | Reached XP level 1. HP: 19/19 MP: 1/1
    85 | D:1      | Reached XP level 2. HP: 8/26 MP: 2/2
   621 | D:1      | Reached XP level 3. HP: 33/33 MP: 3/3
  1833 | D:2      | Reached XP level 4. HP: 30/40 MP: 4/4
  1908 | D:2      | Reached skill level 3 in Axes
  2104 | D:3      | Reached XP level 5. HP: 40/46 MP: 5/5
  2657 | D:3      | Reached skill level 1 in Stealth
  3084 | D:4      | Noticed Eustachio
  3170 | D:4      | Killed Eustachio
  3170 | D:4      | Reached skill level 4 in Axes
  3170 | D:4      | Reached XP level 6. HP: 32/53 MP: 6/6
  3537 | D:4      | Reached skill level 5 in Axes
  3537 | D:4      | Your scales start taking on a fiery red colour.
  3537 | D:4      | Reached XP level 7. HP: 20/60 MP: 7/7
  3537 | D:4      | Gained mutation: Your flesh is heat resistant. (rF+) [Red Draconian growth]
  3923 | D:4      | Found a sacrificial altar of Ru.
  4193 | D:5      | Entered Level 5 of the Dungeon
  4193 | D:5      | Found a shattered altar of Ashenzari.
  4232 | D:5      | Found a transporter.
  4236 | D:5      | Found a transporter.
  4236 | D:5      | Noticed Nib's ghost (novice GrCK)
  4284 | D:5      | Noticed Grinder
  4287 | D:5      | Paralysed by Grinder for 6 turns
  4298 | D:5      | Killed Grinder
  4299 | D:5      | Reached skill level 1 in Evocations
  4881 | D:5      | Got a slimy jade ring
  4925 | D:5      | You fall through a shaft for 3 floors!
  4981 | D:7      | Reached skill level 6 in Axes
  4984 | D:7      | Noticed a hungry ghost
  4995 | D:7      | Killed a hungry ghost
  4995 | D:7      | Reached skill level 5 in Fighting
  4995 | D:7      | Reached XP level 8. HP: 60/68 MP: 7/9
  5002 | D:7      | Reached skill level 5 in Shields
  5102 | D:7      | Reached skill level 5 in Dodging
  5343 | D:5      | Found a staircase to the Ecumenical Temple.
  5346 | D:5      | Noticed Prince Ribbit
  5388 | Temple   | Entered the Ecumenical Temple
  5825 | Temple   | Became a worshipper of Makhleb the Destroyer
  5846 | D:5      | Killed Prince Ribbit
  6160 | D:5      | Noticed Menkaure
  6165 | D:5      | Killed Menkaure
  6165 | D:5      | Reached skill level 7 in Axes
  6892 | D:6      | Found a white marble altar of Elyvilon.
  6893 | D:6      | Found a deep blue altar of Sif Muna.
  6895 | D:6      | Found a glowing silver altar of Zin.
  6902 | D:6      | Reached XP level 9. HP: 75/75 MP: 10/10
  6973 | D:6      | Got a transparent war axe
  6986 | D:6      | Identified the +6 war axe of a treasure trove {speed, rElec} (You found it on level 6 of the Dungeon)
  7257 | D:6      | Found a runed door.
  7257 | D:6      | Noticed a gargoyle
  7258 | D:6      | Noticed harcile's ghost (novice HOBe)
  8009 | D:7      | Found Fokat's Antique Armour Boutique.
  8015 | D:7      | Bought a pitted cloak for 190 gold pieces
  8015 | D:7      | Identified the cursed +0 cloak of Depression {+Blink Str-5 Int+2} (You bought it in a shop on level 7 of the Dungeon)
  8198 | D:7      | Found a glowing golden altar of the Shining One.
  8352 | D:8      | HP: 1/75 [orc warrior/hand axe (22)]
  8353 | D:8      | Demolished by an orc warrior

Skill      XL: |  1  2  3  4  5  6  7  8  9 |
---------------+----------------------------+-----
Dodging        | 3 4 5 6 |  6.1
Axes           | 3 4 5 6 7 |  7.9
Fighting       | 4 5 6 |  6.0
Stealth        | 1 2 3 |  3.2
Shields        | 4 5 6 |  6.1
Evocations     | 1 |  1.5

Action                   |  1- 3 |  4- 6 |  7- 9 || total
-------------------------+-------+-------+-------++-------
Melee: War axe           |   105 |   153 |   202 ||   460
       Tailslap          |    11 |    17 |    24 ||    52
 Abil: Breathe Fire      |       |       |     8 ||     8
Evoke: Wand              |       |     4 |     9 ||    13
  Use: Scroll            |     5 |     5 |     4 ||    14
       Potion            |     2 |     1 |       ||     3
 Stab: Sleeping          |     1 |     1 |     5 ||     7
  Eat: Ration            |     1 |     2 |     6 ||     9
Armor: Skin              |    31 |   107 |    59 ||   197
Dodge: Dodged            |    56 |   129 |   109 ||   294
Block: Shield            |    54 |   150 |   130 ||   334
